 Dungeon Crawl Stone Soup version 0.25-a0-471-g78e40d7af6 (webtiles) character file.

Game seed: 2797157468453414913, levelgen mode: deterministic

46 BeastOfSaturn the Charmwright (level 3, -7/20 HPs)
             Began as a Deep Elf Skald on Feb 6, 2020.
             Killed from afar by an orc wizard (10 damage)
             ... with a puff of flame
             ... on level 2 of the Dungeon.
             The game lasted 00:08:54 (1526 turns).

BeastOfSaturn the Charmwright (Deep Elf Skald)      Turns: 1526, Time: 00:08:55

Health: -7/20      AC:  4    Str:  8    XL:     3   Next: 46%
Magic:  7/9        EV: 12    Int: 17    God:
Gold:   102        SH:  0    Dex: 15    Spells: 0/8 levels left

rFire    . . .     SeeInvis .   a - +0 short sword
rCold    . . .     Gourm    .   (no shield)
rNeg     . . .     Faith    .   b - +0 leather armour
rPois    .         Spirit   .   (no helmet)
rElec    .         Reflect  .   (no cloak)
rCorr    .         Harm     .   g - +0 pair of gloves
MR       .....                  (no boots)
Stlth    ++........             (no amulet)
HPRegen  0.06/turn              (no ring)
MPRegen  0.11/turn              (no ring)

@: no status effects
A: no striking features
a: no special abilities


You were on level 2 of the Dungeon.
You were not hungry.

You visited 1 branch of the dungeon, and saw 3 of its levels.

You collected 102 gold pieces.

Inventory:

Hand Weapons
 a - a +0 short sword (weapon)
Armour
 b - a +0 leather armour (worn)
 g - a +0 pair of gloves (worn)
Wands
 l - a wand of paralysis (4)
Scrolls
 d - a scroll of amnesia {unknown}
 e - a scroll of random uselessness {unknown}
 h - 2 scrolls of enchant weapon {unknown}
 j - a scroll of identify {unknown}
 m - a scroll of blinking {unknown}
 n - a scroll of remove curse {unknown}
 o - a scroll of teleportation {unknown}
 p - a scroll of fog {unknown}
Potions
 c - 3 potions of curing {unknown}
 f - a potion of magic {unknown}
 i - a potion of heal wounds {unknown}
Comestibles
 k - 3 rations


   Skills:
 - Level 1.5 Fighting
 * Level 2.7 Short Blades
 + Level 1.1 Armour
 * Level 2.7 Dodging
 * Level 1.4 Stealth
 + Level 3.1 Spellcasting
 + Level 4.9 Charms
 + Level 0.4 Translocations


You couldn't memorise any spells.
You knew the following spells:

 Your Spells              Type           Power        Failure   Level  Hunger
a - Infusion              Chrm           ###.         3%          1    None
b - Shroud of Golubria    Chrm/Tloc      ##....       12%         2    ##.....
c - Song of Slaying       Chrm           ###.....     4%          2    ##.....
d - Spectral Weapon       Hex/Chrm       ##......     26%         3    ###....

Your spell library contained the following spells:

 Spells                   Type           Power        Failure   Level  Hunger
 Ozocubu's Armour         Chrm/Ice       ##......     26%         3    ###....


Dungeon Overview and Level Annotations

Branches:
Dungeon (3/15)

Altars:
Qazlal


Message History

There is a stone staircase leading up here.
You closely miss the bat. The bat misses you.
Your spectral weapon hits the bat!
You kill the bat!
Something hits you but does no damage. Something hits you.
You hit something but do no damage. Something hits you.
You hit something but do no damage. Something completely misses you.
Something hits you.
* * * LOW HITPOINT WARNING * * *
You climb upwards.
Your summoned ally is left behind.
Your spectral weapon fades away.
Reactivating autopickup.
There is a stone staircase leading down here.
Deactivating autopickup; reactivate with Ctrl-A.
You miss something.
You hear some strange, mumbled words.
A puff of flame appears from out of thin air!
The puff of flame hits you!
Ouch! That really hurt!
You die...

#....###.#
#....# #.#
#<...# #.#
#....# #.#
#....# #.#
#....# #.#
#...<###.#
####.#.#.#######
#....@#.....#
#.#.###.#####
#.#.# #)..#
#.#.###.#.#
#.(.....#.#
#.#.......#
#....######
#....# ######


There were no monsters in sight!

Vanquished Creatures
  2 dart slugs
  4 orcs (D:3)
  6 bats
  A giant cockroach (D:1)
  3 goblins
  3 hobgoblins
  5 jackals (D:1)
  3 frilled lizards (D:1)
  4 kobolds (D:1)
  6 rats
37 creatures vanquished.

Notes
Turn   | Place    | Note
-------+----------+-------------------------------------------
     0 | D:1      | BeastOfSaturn the Deep Elf Skald began the quest for the
                  | Orb.
     0 | D:1      | Reached XP level 1. HP: 12/12 MP: 6/6
   251 | D:1      | Reached XP level 2. HP: 5/16 MP: 4/8
   467 | D:1      | Learned a level 2 spell: Shroud of Golubria
   470 | D:1      | Learned a level 2 spell: Song of Slaying
   632 | D:1      | Reached skill level 1 in Armour
   712 | D:1      | Reached skill level 1 in Stealth
   881 | D:1      | Reached XP level 3. HP: 20/20 MP: 6/9
  1115 | D:2      | Learned a level 3 spell: Spectral Weapon
  1347 | D:2      | Found a stormy altar of Qazlal.
  1348 | D:2      | Noticed a water elemental
  1350 | D:2      | Noticed an earth elemental
  1350 | D:2      | Noticed a fire elemental
  1350 | D:2      | Noticed an air elemental
  1526 | D:2      | Killed from afar by an orc wizard

Levels and vault maps discovered:
D:1:      dpeg_chamrin_arrival_tetris, layout_basic, solitary_fountain
D:2:      layout_basic, nicolae_qazlal_style_of_elements
D:3:      layout_loops_cross, led_xom_imps, lemuel_doored_altar,
          portal_sewer_entry_d, first_ration, uniq_grinder,
          uniq_crazy_yiuf_cottage, uniq_terence

Skill      XL: |  1  2 |
---------------+-------+-----
Armour         | 1 |  1.1
Stealth        | 1 |  1.4
Fighting       | |  1.5
Short Blades   | |  2.7
Dodging        | |  2.7
Spellcasting   | |  3.1
Charms         | |  4.9
Translocations | |  0.4

Action                   || total
-------------------------++-------
Melee: Short sword       ||   138
 Cast: Infusion          ||     3
       Shroud of Golubri ||    11
       Spectral Weapon   ||     3
 Stab: Sleeping          ||     2
  Eat: Ration            ||     1
Armor: Leather armour    ||    33
Dodge: Dodged            ||    91

Table legend:
 A = Non-vault XP
 B = Vault XP
 C = Vault XP percentage of total XP
 D = Non-vault monster count
 E = Vault monster count
 F = Vault count percentage of total count
                 A         B        C        D         E       F
            +---------+---------+-------+---------+---------+-------
      Total |      67 |       0 |   0.0 |      37 |       0 |   0.0
            +---------+---------+-------+---------+---------+-------
        D:1 |      41 |       0 |   0.0 |      25 |       0 |   0.0
        D:2 |       9 |       0 |   0.0 |       6 |       0 |   0.0
        D:3 |      17 |       0 |   0.0 |       6 |       0 |   0.0
            +---------+---------+-------+---------+---------+-------
